Workbook
Name DateProjet: 'Gantt '!#REF!
Name DateProjet: [1]Gantt!#REF!

Sheet Chrono
B1: VEFA ALVERDY
C4: INITIATIVE | E4: EXECUTION | G4: DATE | H4: COMMENTAIRES | I4: OBSERVATIONS | J4: ARCHIVAGE SUIVANT NOMENCLATURE CLASSEMENT | K4: DEMARCHE QUALITE
B5: Libellé Action | C5: RO | D5: ASS | E5: RO | F5: ASS
B6: Faisabilité
A7: x | B7: Etude financière faisabilité | C7: x | E7: x | G7: 43724 | I7: sur la base d'un dossier présenté par le promoteur, le RO étudie la faisabilité (programme, prix d'achat, financement, surfaces) | J7: x | K7: Etude de faisabilité VEFA
A8: x | B8: Validation du programme par GL / Mairie / DEAL | C8: x | F8: x | G8: 43724 | I8: garder une traçabilité écrite des avis de chacun
A9: x | B9: Courrier d'intérêt au promoteur | C9: x | F9: x | J9: x
B10: Esquisse ou APS
B11: Réception d'un dossier ESQ (plans détaillés, TDS, notice descriptive) | C11: x | E11: x | G11: 43720 | I11: le RO analyse le dossier + notice descriptive technique, et s'assurer que les remarques émises en phase faisabilité ont été prises en compte
A12: x | B12: Réunion de Présentation Esquisse interne | C12: x | F12: x | G12: 43724 | I12: Présentation ESQ par MOE au RO, NBL, SGM, DGL Assistante lance les invitations OUTLOOK + diffusion du CR aux personnes présentes et invitées | J12: x | K12: les 2 réunions de présentation sont à faire en même temps si Commune du Tampon
A13: x | B13: Réunion de Présentation Esquisse avec Mairie | C13: x | F13: x | G13: 43727 | I13: Présentation ESQ par MOE au RO, NBL, SGM, DGL, Mairie Assistante lance les invitations OUTLOOK + diffusion du CR aux personnes présentes et invitées | J13: x
A14: x | B14: Revue de projet | C14: x | F14: x | I14: PPT complété par assistante | J14: x | K14: ENR 06-08-16
A15: x | B15: Réunion de Présentation Esquisse avec architectes conseil DEAL ou avec la DEAL locale | C15: x | E15: x | G15: 43790 | I15: CR à diffuser aux personnes présentes | J15: x
B16: Courrier d'offre au promoteur | G16: 43803 | I16: à faire uniquement si on dispose d'un tableau de surface détaillé DEAL ainsi que de plans de cellules, notice descriptive | K16: PRC 06-03-15 Modèle de courrier d'offre (en fonction de l'année de programmation)
A17: x | B17: Note de présentation phase ESQ | D17: x | F17: x | J17: x | K17: ENR 05A-04-15 Fiche présentation Op
B18: Numérotation des logements par GL | C18: x | E18: x | G18: 43917 | I18: conserver une trace de la numérotation, la transmettre au promoteur pour intégration sur les plans | J18: x
B19: Permis de construire
A20: x | B20: Dépôt du dossier PC en Mairie | C20: x | E20: x | G20: 43798 | I20: récupérer une copie auprès du promoteur | J20: x
B21: Plan de bornage + PV de bornage | C21: x | F21: x | G21: 43873 | I21: A récupérer auprès du promoteur / s'assurer que le bornage est bien contradictoire sur toutes ses limites | J21: x
A22: x | B22: Obtention de l’arrêté de PC + avis | C22: x | F22: x | I22: à récupérer auprès du promoteur assistante remplit le tableau de suivi PC | J22: x
A23: x | B23: Date de péremption du PC | C23: x | E23: x | I23: se mettre une alerte sur Outlook pour faire la demande de prorogation dans les délais
A24: x | B24: Constat d’Affichage n°1 par Huissier sur site et Mairie | D24: x | F24: x | I24: à récupérer auprès du promoteur | J24: x
A25: x | B25: Constat d’Affichage n°2 par Huissier sur site | D25: x | F25: x | I25: à récupérer auprès du promoteur | J25: x
A26: x | B26: Constat d’Affichage n°3 par Huissier sur site | D26: x | F26: x | I26: à récupérer auprès du promoteur | J26: x
A27: x | B27: Demande adresse postale selon numéro SODEGIS | D27: x | F27: x | I27: à récupérer auprès du promoteur | J27: x
A28: x | B28: Attestation de non recours du TA | D28: x | F28: x | J28: x
A29: x | B29: Attestation de non recours délivré par la Mairie | D29: x | F29: x | J29: x
B30: Contrat de réservation | I30: attention au modèle utilisé suivre les délais de levée des conditions suspensives | J30: x
B31: Financement
A32: x | B32: Validation du PR/PF par le CA | C32: x | E32: x | J32: x
A33: x | B33: Dépôt du Dossier de Financement Subvention | C33: x | F33: x | G33: 43886 | I33: Assistante préparer le dossier qui est contrôlé par le RO archiver le BE d'envoi | J33: x
A34: x | B34: Arrêté de financement | D34: x | F34: x | I34: transmettre une copie à la chargée d'appel de fonds transmettre l'original par BE à la DAF actualiser le budget | J34: x
B35: Avis des domaines sur le prix VEFA | C35: x | F35: x | J35: x
A36: x | B36: Dépôt du Dossier de Financement prêts | C36: x | E36: x | I36: Fait sur site internet CDC récupérer le maximum d'éléments de la part du promoteur (contrats signés, offres des entreprises pressenties sur les travaux) | J36: x | K36: "O:\15- SODEGIS Report\Documentation Dem Qual\BIBLIOTHEQUE\6- CONSTRUCTION\PROCEDURES\MONTAGE PROJET CONST\MONTAGE DES DOSSIERS FINANCIERS\PRC 06-01-17 CONTRAT PRET CDC.pdf"
B37: Contrat de prêt | C37: x | E37: x | I37: transmettre l'original par BE à la DAF actualiser le budget | J37: x
A38: x | B38: Garantie de prêts conforme et validée par la CDC | C38: x | F38: x | I38: Assistante préparer les dossiers de demandes de garantie, contrôlés par le RO Assistante transmets les originaux des garanties par BE à la DAF Assistante transmets les garanties à la CDC pour validation | J38: x | K38: PRC 06-01-17 "O:\4 - DOP\42 - Pôle Construction Immobilière\Pôle Immobilier\Financement, PRD, Gest° OP\BIBLIOTHEQUE PIM\FINANCEMENT\CDC\GARANTIES\Protocole Prog 2017-2020\Protocole garanties d'emprunt 2017 du 28 novembre 2017 signé.pdf"
B39: Signature de la VEFA | C39: x | E39: x
A40: x | B40: validation du contrat DO du promoteur | C40: x | E40: x | I40: à valider par le patrimoine | J40: x
B41: validation du projet de GFA du promoteur | C41: x | E41: x | J41: x
B42: vérification des surfaces | C42: x | E42: x | J42: x
B43: vérification de la base éligible | C43: x | E43: x
B44: validation de la notice descriptive | C44: x | E44: x | I44: à analyser suivant le CRATE | J44: x
A45: x | B45: Dépôt de la DROC en Mairie par le promoteur | C45: x | F45: x | J45: x
B46: Signature de la VEFA | C46: x | E46: x | G46: 43964 | J46: x
B47: Chantier
A48: x | B48: Récupérer la copie des marchés signés | C48: x | F48: x | J48: x
A49: x | B49: Validation échantillons à la fin de la période de préparation | C49: x | F49: x | I49: Assistante lance les invitations OUTLOOK (patrimoine, GL) CR à diffuser à tous | J49: x
A50: x | B50: Transmission de la fiche programme (adresse, n° logements) à la GL | C50: x | E50: x | J50: x
B51: Transmission à la GL plans niveau A3 avec numérotation GL + logements PMR | C51: x | E51: x | J51: x
B52: Terrassements | C52: x | E52: x
A53: x | B53: Achèvement des fondations | C53: x | E53: x | I53: Récupérer une attestation du MOE | J53: x
B54: Dalle Haute RDC | C54: x | E54: x
B55: Dalle Haute R+1 | C55: x | E55: x
B56: Dalle Haute R+2 | C56: x | E56: x
B57: Dalle Haute R+3 | C57: x | E57: x
B58: Dalle Haute R+4 | C58: x | E58: x
B59: Hors d'eau | C59: x | E59: x | I59: Récupérer une attestation du MOE | J59: x
A60: x | B60: Hors d’air (menuiseries extérieures) | C60: x | E60: x
A61: x | B61: Validation du logement témoin | C61: x | F61: x | I61: Assistante lance les invitations OUTLOOK (Patrimoine, GL) Assistante prépare le CR à diffuser à tous | J61: x
B62: Cloisons intérieures | C62: x | E62: x
B63: Finitions intérieures | C63: x | E63: x
B64: Visite M-3 | C64: x | F64: x | I64: Assistante lance les invitations OUTLOOK (patrimoine, GL) Assistante prépare le CR à diffuser à tous | J64: x
B65: Visite M-2 | C65: x | F65: x | I65: Assistante lance les invitations OUTLOOK (patrimoine, GL) Assistante prépare le CR à diffuser à tous | J65: x
B66: Visite M-1 | C66: x | F66: x | I66: Assistante lance les invitations OUTLOOK (patrimoine, GL) Assistante prépare le CR à diffuser à tous | J66: x
B67: Réception et remise des clés
A68: x | B68: Rapport final CT sans réserves | D68: x | F68: x | I68: à récupérer auprès du promoteur | J68: x
A69: x | B69: Vérification de la numérotation des logements sur site | C69: x | E69: x
B70: Visites techniques JFG | C70: x | F70: x | I70: Diffuser son CR au promoteur | J70: x
A71: x | B71: Visite de pré-réception | C71: x | E71: x
A72: x | B72: Transmission plan masse annoté à la GL | C72: x | F72: x | J72: x
A73: x | B73: Raccordement postal | C73: x | F73: x | I73: à faire par promoteur | J73: x
A74: x | B74: Date de réception des travaux | C74: x | E74: x
A75: x | B75: PV réception | D75: x | F75: x | I75: à récupérer auprès du promoteur | J75: x
A76: x | B76: Levée des réserves de réception | C76: x | E76: x
A77: x | B77: Déclaration Attestant l' Achèvement et la Conformité des Travaux + attestation BCT PMR | C77: x | F77: x | I77: à déposer par le promoteur, en concertation avec SODEGIS | J77: x
B78: Livraison
A79: x | B79: Inauguration | C79: x | E79: x
B80: Suivi administratif après livraison | I80: se référer au contrat de VEFA pour la liste des pièces du Dossier Administratif à remettre par le promoteur
A81: x | B81: Déclaration H1, H2 (exonération TFPB) à déposer par GL dans les 3 mois de la DAACT : transmettre doc à GL | D81: x | F81: x | I81: Assistante compile les documents / RO complète les formulaires transmis par le promoteur | J81: x
A82: x | B82: Réception des DOE | C82: x | E82: x | I82: à récupérer auprès du promoteur | J82: x
A83: x | B83: Réception du DIUO | C83: x | E83: x | I83: à récupérer auprès du promoteur
A84: x | B84: DIUO signé | D84: x | F84: x | I84: à récupérer auprès du promoteur | J84: x
A85: x | B85: DGD entreprises soldé | C85: x | E85: x | I85: à récupérer auprès du promoteur | J85: x
A86: x | B86: Budget de pré-clôture | C86: x | E86: x | J86: x
A87: x | B87: Attestation de non opposition à la conformité | D87: x | F87: x | I87: à récupérer auprès du promoteur | J87: x
A88: x | B88: Déclaration de fin de DO | D88: x | F88: x | I88: à récupérer auprès du promoteur | J88: x
B89: Dossier de clôture crédit d'impôt | C89: x | F89: x | I89: Assistante compile les documents / RO vérifie | J89: x
A90: x | B90: Fin année de parfait achèvement (GANTT) | C90: x | E90: x
A91: x | B91: Budget de clôture | C91: x | E91: x | J91: x
B92: Rapport de fin d'opération | C92: x | E92: x | F92: x | J92: x
A93: x | B93: Transmission au Patrimoine | C93: x | F93: x | I93: Assistante compile les documents / RO vérifie | J93: x | K93: PRC 06-09-16 Transmission d'une opération au Patrimoine
A94: x | B94: Archivage de l’opération | C94: x | F94: x | I94: Assistante compile les documents / RO vérifie | J94: x
B95: =Avancement!B13 -> 79 | C95: =COUNTA(C6:C94) -> 65 | D95: =COUNTA(D6:D94) -> 14 | E95: =COUNTA(E6:E94) -> 41 | F95: =COUNTA(F6:F94) -> 39

Sheet Gantt 
A1: OPERATION | B1: =Chrono!B1 -> VEFA ALVERDY | E1: Date :
A2: ANNE DE PROGRAMMATION | B2: 2020 | E2: =TODAY() -> 43985
A4: ETAPE | B4: DEBUT | C4: JOURS | D4: FIN | E4: REALISE
A5: FAISABILITE | B5: =B6 -> 43628 | C5: =D5-B5 -> 96 | D5: =D7 -> 43724
A6: Etude financière | B6: 43628 | C6: 0 | D6: =WORKDAY(B6,C6) -> 43628 | E6: x
A7: Validation du programme par GL / Mairie / DEAL | B7: =D6 -> 43628 | C7: =D7-B7 -> 96 | D7: =Chrono!G8 -> 43724 | E7: x
A8: PHASE ESQ | B8: =B9 -> 43724 | C8: =D8-B8 -> 79 | D8: =D11 -> 43803
A9: Présentation ESQ | B9: =D7 -> 43724 | C9: 0 | D9: =Chrono!G13 -> 43727 | E9: x
A10: Archi Conseil DEAL | B10: =D9 -> 43727 | C10: =D10-B10 -> 63 | D10: =Chrono!G15 -> 43790 | E10: x
A11: Courrier d'offre | B11: =D10 -> 43790 | C11: =D11-B11 -> 13 | D11: =Chrono!G16 -> 43803 | E11: x
A12: PHASE PC | B12: =B13 -> 43803 | C12: =D12-B12 -> 191 | D12: =D15 -> 43994
A13: Dépôt demande PC | B13: =D11 -> 43803 | C13: =D13-B13 -> -5 | D13: =Chrono!G20 -> 43798 | E13: x
A14: Date limite dépôt PC | B14: 43798 | C14: 1 | D14: 43798 | E14: x
A15: Obtention PC | B15: =D13 -> 43798 | C15: 140 | D15: =WORKDAY(B15,C15) -> 43994
A16: CONTRAT DE RESERVATION | B16: =D11 -> 43803 | C16: 60 | D16: =WORKDAY(B16,C16) -> 43887
A17: Avis des domaines VEFA | B17: =D16 -> 43887 | C17: 30 | D17: =WORKDAY(B17,C17) -> 43929
A18: FINANCEMENT | B18: =B19 -> 43889 | C18: =D18-B18 -> 117 | D18: =D20 -> 44006
A19: Dépôt demande LBU | B19: 43889 | C19: =D19-B19+1 -> -2 | D19: =Chrono!G33 -> 43886 | E19: x
A20: Obtention arrêté LBU | B20: =D19 -> 43886 | C20: =30*4 -> 120 | D20: =B20+C20 -> 44006
A21: Dépôt demande de prêt CDC | B21: =D20 -> 44006 | C21: 5 | D21: =WORKDAY(B21,C21) -> 44013 | F21: commence si DPR AO reçu du promoteur
A22: Contrat de prêt signé | B22: =D21 -> 44013 | C22: 45 | D22: =WORKDAY(B22,C22) -> 44076
A23: Garanties conformes | B23: =D22 -> 44076 | C23: 60 | D23: =WORKDAY(B23,C23) -> 44160
A24: SIGNATURE VEFA | B24: =D23 -> 44160 | C24: 30 | D24: =WORKDAY(B24,C24) -> 44202
A25: Date du jour | B25: =TODAY() -> 43985 | C25: ='Gantt '!$B25-D25+1 -> 1 | D25: ='Gantt '!$B25 -> 43985
A29: Min axe | B29: =MIN(B5:B25) -> 43628
A30: Max axe | B30: =MAX(D5:D25) -> 44202
A32: mettre une croix en colonne E quand la tâche est réalisée, après avoir actualisé la date en colonne D
A33: Date en rouge | B33: tâche restant à réaliser
A34: Si une tâche est notée comme réalisée (colonne E cochée), la date en colonne D ne doit pas être rouge

Sheet Historik 
A1: DATE | B1: EXPEDITEUR | C1: TYPE | D1: OBJET
A2: 43598 | B2: NBL | C2: mail | D2: transmission CRATE sept 18
A3: 43664 | B3: NBL | C3: mail | D3: retour sur analyse plans
A4: 43724 | B4: NBL | C4: mail | D4: CR présentation ESQ
A5: 43727 | D5: présentation DEAL + Mairie
A6: 43731 | C6: réunion JAL / Aline / Fred | D6: validation de baisse de 10 % uniquement sur T3
A7: 43734 | B7: MEDDA | C7: mail | D7: ESQ ind 4
A8: 43745 | B8: MEDDA | C8: mail | D8: projet modifié suite à demande Mairie typologie + alignement
A9: 43746 | B9: NBL | C9: mail | D9: analyse plans
A10: 43748 | D10: réunion présentation projet modifié
A11: 43752 | B11: NBL | C11: mail | D11: diffusion du CR du 10/10/19
A12: 43759 | B12: MEDDA | C12: mail | D12: plans ESQ ind 7
A13: 43767 | D13: présentation plans ESQ ind 7
A14: 43767 | B14: NBL | C14: mail | D14: diffusion du CR du 29/10/19
A15: 43768 | B15: MEDDA | C15: mail | D15: réception DPR rempli
A16: 43787 | B16: MEDDA | C16: mail | D16: plans ESQ ind 9
A17: 43816 | B17: NBL | C17: mail | D17: projet contrat réservation

Sheet Avancement
A2: Libellé Action | B2: N actions à réaliser | C2: Actions réalisées
A3: Etablissement du programme de Maîtrise d'Oeuvre | B3: =COUNTA(Chrono!B7:B9) -> 3 | C3: =COUNTA(Chrono!G7:G9) -> 2
A4: Esquisse | B4: =COUNTA(Chrono!B11:B17) -> 7 | C4: =COUNTA(Chrono!G11:G17) -> 5
A5: Permis de construire | B5: =COUNTA(Chrono!B20:B29) -> 10 | C5: =COUNTA(Chrono!G20:G29) -> 2
A6: Contrat de réservation | B6: =COUNTA(Chrono!B30) -> 1 | C6: =COUNTA(Chrono!G30) -> 0
A7: Financement | B7: =COUNTA(Chrono!B32:B38) -> 7 | C7: =COUNTA(Chrono!G32:G38) -> 1
A8: Signature VEFA | B8: =COUNTA(Chrono!B40:B46) -> 7 | C8: =COUNTA(Chrono!G40:G46) -> 1
A9: Chantier | B9: =COUNTA(Chrono!B48:B66) -> 19 | C9: =COUNTA(Chrono!G48:G66) -> 0
A10: Réception & remise des clés | B10: =COUNTA(Chrono!B68:B77) -> 10 | C10: =COUNTA(Chrono!G68:G77) -> 0
A11: Livraison | B11: =COUNTA(Chrono!B79) -> 1 | C11: =COUNTA(Chrono!G79) -> 0
A12: Suivi administratif après livraison | B12: =COUNTA(Chrono!B81:B94) -> 14 | C12: =COUNTA(Chrono!G81:G94) -> 0
B13: =SUM(B3:B12) -> 79 | C13: =SUM(C3:C12) -> 11 | D13: =C13/B13 -> 0.13924051

Sheet Liste doc à archiver
A5: Listing des documents à archiver
A7: Nom de l'Opération | C7: xxx
A9: N° | B9: Domaines | C9: Durée | D9: Existant | E9: Numérisation | F9: Observations
A11: 1 | B11: OPERATIONS
A13: 32 | B13: AFFECTATION | C13: A VIE
A15: 12 | B15: ADMINISTRATIF
A16: 121 | B16: Arrêté de PC + avis | C16: A VIE | F16: 30 ans
B17: Constats huissier d'affichage PC
B18: Attestations de non recours
A19: 122 | B19: DROC | C19: A VIE | F19: 30 ans
A20: 123 | B20: DAT | C20: A VIE | F20: 30 ans
A21: 124 | B21: Conformité Mairie | C21: A VIE | F21: 30 ans
A22: 125 | B22: Attestation Conformité PMR | F22: 30 ans
A23: 126 | B23: PV visite préalable SDIS | F23: 30 ans
B24: certificat d'adressage
B25: Divers documents jugés importants | F25: 30 ans
B26: contrats abonnement concessionnaires
B27: Titre de propriété
B28: Plan topo / bornage
A30: 13 | B30: TECHNIQUE
A31: 131 | B31: Dossier PC complet | C31: A VIE | F31: 10 ans délai recours des tiers
A32: 132 | B32: Demande de financement | C32: A VIE
A33: 133 | B33: Dossier marché complet | C33: A VIE | F33: 5 ans
A34: 134 | B34: DOE | C34: A VIE
A35: 135 | B35: Marchés (AE) de tous les intervenants | C35: 30 ans | F35: A classer par entreprise
B36: Tous les avenants signés / LC + note explicative
A37: 136 | B37: PV Réception | C37: 30 ans
A38: 137 | B38: DGD | C38: 30 ans
A39: 138 | B39: PV Chantier | C39: 30 ans
A40: 139 | B40: PC et Police/Opération | C40: 30 ans
B41: Courriers/ mises en demeure | C41: 30 ans
B42: Libération de Retenue de garantie | C42: 30 ans
B43: Rapports de validation d'études (MOE/SPS/CT) | F43: A classer par intervenant
B44: Rapports d'analyse des offres
A46: 14 | B46: ASSURANCES
A47: 141 | B47: PV anti thermites | C47: 12 ans | F47: 10 + 2 ans après fin contrat
A48: 142 | B48: Rapport étude sols | C48: A vie
A49: 143 | B49: Rapports et PV contrôles | C49: 12 ans | F49: 10 + 2 ans après fin contrat
A50: 144 | B50: Polices DO et CNR | C50: 12 ans | F50: 10 + 2 ans après fin contrat
A51: 145 | B51: Attestation décénnale à la date de la DROC, de chaque intervenant | C51: 12 ans | F51: 10 + 2 ans après fin contrat
A52: 146 | B52: Déclaration définitive coût des travaux | C52: 12 ans | F52: 10 + 2 ans après fin contrat
A53: 147 | B53: Justificatif prime d'assurance | C53: 12 ans | F53: 10 + 2 ans après fin contrat
A55: 15 | B55: LIVRAISON
A56: 151 | B56: Plan cellules | C56: A VIE
A57: 152 | B57: Plan de recolement | C57: A VIE
A58: 153 | B58: Copie consuel | C58: A VIE
A59: 154 | B59: PV de livraison | C59: A VIE
A60: 155 | B60: Plan clés compteurs | C60: A VIE
A61: 156 | B61: DIUO | C61: A VIE
A62: 157 | B62: Règlement de copropriété | C62: A VIE
A64: 16 | B64: CLASSEMENT
A65: 161 | B65: Arrêtés de classement | C65: A VIE
A66: 162 | B66: Doc.graphiques | C66: A VIE
A68: 17 | B68: CONTENTIEUX | C68: A VIE
A70: 2 | B70: OPERATIONS PRLC
A71: 21 | B71: FINANCEMENT CDC
A72: 211 | B72: Décision Financement | C72: du prêt
A73: 212 | B73: Fiche programme | C73: du prêt
A74: 213 | B74: Contrat prêt CDC | C74: du prêt
A75: 214 | B75: Délibérations de garantie | C75: du prêt
A76: 215 | B76: Engagement CGLS | C76: du prêt
B78: DEFISCALISATION | C78: 30 ans
B79: Documentation juridique | C79: 30 ans
B80: Dossier demande d'agrément | C80: 30 ans
B81: Agrément provisoire | C81: 30 ans
B82: Agrément définitif | C82: 30 ans
B83: Contrat de réservation | C83: 30 ans
B84: Mandat de représentation | C84: 30 ans
B85: Contrat VEFA | C85: 30 ans
B86: Crédit bail | C86: 30 ans
A88: 22 | B88: SUBVENTION LBU
A89: 222 | B89: Arrêté de subvention | C89: du prêt
A91: 23 | B91: AUTRES SUBV.
A92: 231 | B92: Convention de financement | C92: du prêt
A94: 24 | B94: CLOTURES
A95: 241 | B95: Bilan de clôture | C95: du prêt
A98: 4 | B98: AMENAGEMENT | C98: 5 ans après la fin de la concession
A99: 41 | B99: Actes juridiques | C99: IDEM
A100: 411 | B100: Délibérations | C100: 5a après f.c.
A101: 412 | B101: Conventions | C101: 5a après f.c.
A102: 413 | B102: Bilans | C102: 5a après f.c.
A103: 414 | B103: CRAC | C103: 5a après f.c.
A105: 42 | B105: PHASES | C105: IDEM
A106: 421 | B106: Convention études | C106: 5a après f.c.
A107: 422 | B107: Délibération CM/CL | C107: 5a après f.c.
A108: 423 | B108: DUP complet | C108: 5a après f.c.
A109: 425 | B109: Loi sur l'eau | C109: 5a après f.c.
... A135: 455 | B135: Rétrocession | C135: 5a après f.c.
